 Dungeon Crawl Stone Soup version 0.30-a0-924-g0ad0bf95bc (webtiles) character file.

Game seed: 5138503942783356277

6048 Newt the Markskobold (level 11, -2/63 HPs)
             Began as a Kobold Hunter on Mar 22, 2023.
             Slain by an enormous slime creature (11 damage)
             ... on level 8 of the Dungeon.
             The game lasted 00:08:36 (7540 turns).

Newt the Markskobold (Kobold Hunter)                Turns: 7540, Time: 00:08:36

Health: -2/63      AC: 10    Str:  8    XL:     11   Next: 11%
Magic:  0/11       EV: 23    Int: 12    God:
Gold:   516        SH:  0    Dex: 22    Spells: 10/10 levels left

rFire   . . .      SeeInvis .    E - +4 arbalest
rCold   . . .      Faith    .    (shield currently unavailable)
rNeg    . . .      Spirit   +    c - +0 leather armour
rPois   .          Reflect  .    (no helmet)
rElec   .          Rampage  .    z - +1 cloak
rCorr   .                        (no gloves)
Will    .....                    x - +0 pair of boots
Stlth   +++                      o - amulet of guardian spirit
HPRegen 0.30/turn                y - +5 ring of evasion
MPRegen 0.12/turn                t - +4 ring of protection

@: flying
A: small, no large weapons, nightstalker 3
a: no special abilities


You were on level 8 of the Dungeon.
You visited 2 branches of the dungeon, and saw 10 of its levels.
You also visited: Bailey.

You collected 516 gold pieces.

Inventory:

Hand Weapons
 a - a +1 shortbow of flaming
 E - a +4 arbalest (weapon)
Missiles
 h - 2 throwing nets
Armour
 c - a +0 leather armour (worn)
 x - a +0 pair of boots (worn)
 z - a +1 cloak (worn)
Jewellery
 g - a ring of magical power
 i - a ring of positive energy
 k - an amulet of the acrobat
 o - an amulet of guardian spirit (around neck)
 p - a ring of fire
 t - a +4 ring of protection (right hand)
 y - a +5 ring of evasion (left hand)
 C - an amulet of magic regeneration
Wands
 u - a wand of flame (21)
 G - a wand of quicksilver (5)
 H - a wand of paralysis (8)
Scrolls
 b - 5 scrolls of immolation
 q - 3 scrolls of silence
 w - a scroll of fog
 A - a scroll of amnesia
 D - 2 scrolls of identify
 F - 2 scrolls of enchant armour
Potions
 d - 2 potions of resistance
 e - 2 potions of might
 f - 7 potions of curing
 j - a potion of lignification
 l - a potion of brilliance
 m - a potion of flight
 n - a potion of haste
 r - 2 potions of heal wounds
 s - 2 potions of degeneration
 v - a potion of magic
 B - a potion of cancellation
Miscellaneous
 I - a condenser vane


   Skills:
 - Level 5.0 Fighting
 + Level 18.1 Ranged Weapons
 - Level 6.0 Dodging
 - Level 1.3 Stealth
 - Level 6.0 Evocations


You had 10 spell levels left.
You didn't know any spells.
Your spell library contained the following spells:

 Spells                   Type           Power      Damage    Failure   Level
 Apportation              Tloc           0%         N/A       43%         1
 Freeze                   Ice            0%         1d3       43%         1
 Static Discharge         Conj/Air       0%         2-2/arc   58%         2
 Frozen Ramparts          Ice            0%         1d1       82%         3
 Hailstorm                Conj/Ice       0%         3d3       82%         3
 Ignite Poison            Fire/Tmut/Pois 0%         N/A       82%         3
 Portal Projectile        Hex/Tloc       0%         N/A       82%         3
 Tukima's Dance           Hex            0%         N/A       82%         3
 Sticky Flame             Conj/Fire      0%         2d3       99%         4
 Blade Hands              Tmut           0%         N/A       100%        5
 Ignition                 Fire           0%         3d3       100%        8
 Chain Lightning          Conj/Air       0%         N/A       100%        9


Dungeon Overview and Level Annotations

Branches:
Dungeon (9/15)             Temple (1/1) D:4          Bailey (visited)
   Lair: D:8-11         Orc: D:9-12

Altars:
Ashenzari
Cheibriados
Dithmenos
Elyvilon
Makhleb
Nemelex Xobeh
Okawaru
Qazlal
Wu Jian
Xom
Yredelemnul
The Shining One


Innate Abilities, Weirdness & Mutations

You are small and have problems with some larger weapons.
You are completely attuned to the shadows.


Message History

You shoot a bolt. The bolt hits the orc.
The orc is heavily wounded.
You shoot a bolt. The bolt hits the orc!!
You kill the orc!
No target in view!
No target in view!
Things that are here:
a +0 arbalest; a +0 scale mail
Found a gate leading back out of this place.
Things that are here:
a +0 arbalest; a +0 scale mail; an orc corpse
Items here: )) [[ ††.
Done exploring.
Done exploring.
Done exploring.
Done exploring.
No target in view!
Search for what [? for help]?
Okay, then.
Search for what [? for help]? .
There is an open gate here.
You see here a condenser vane.
I - a condenser vane You're already here!
There is a gate leading back out of this place here.
Welcome back to the Dungeon!
The slime creature hits you but does no damage.
The enormous slime creature hits you!!!
Ouch! That really hurt!
* * * LOW HITPOINT WARNING * * *
There is an empty arch of ancient stone, spattered with blood here.
There are monsters nearby!
Unknown command.
Okay, then.
Unknown command.
Okay, then.
You feel very buoyant.
You fly up into the air.
The slime creature misses you. The enormous slime creature hits you!
You die...

#...............
#.J.#....?.^.#.#.
#<.)................
#.......!###......#....
.........# #.#.....)...
..###...####.##........
...#.......#>####....~.
...≈≈≈≈≈...# ####...
#.≈@J.≈..## ####
#.≈.J>~..# #.≈...≈..#
#.≈≈≈≈≈..# #!.......#
####.....#


You could see an enormous slime creature and a slime creature.

Vanquished Creatures
  The ghost of Juicyj the Chopper, a novice MiGl (D:5)
  2 orc knights (Bailey)
  A rime drake (D:8)
  Prince Ribbit (D:5)
  A slime creature (D:7)
  Eustachio (D:5)
  Menkaure (D:7)
  Edmund (D:5)
  Duvessa (D:7)
  5 ice beasts
  8 orc warriors
  2 sky beasts
  An ogre (D:5)
  2 black bears
  3 wolves
  Blork the orc (D:5)
  4 scorpions
  10 wights
  Dowan (D:7)
  3 killer bees (D:8)
  A howler monkey (D:6)
  4 hounds
  2 jellies (D:6)
  Crazy Yiuf (D:5)
  A gnoll bouda (D:4)
  A sleepcap (D:5)
  3 orc priests
  3 orc wizards
  4 gnolls (D:4)
  7 adders
  3 white imps
  A worm (D:3)
  2 dart slugs (D:5)
  41 orcs
  8 bats
  7 endoplasms
  2 giant cockroaches (D:3)
  12 goblins
  6 hobgoblins
  12 kobolds
  3 quokkas
  6 ball pythons
  2 frilled lizards (D:1)
  4 rats
186 creatures vanquished.

Notes
Turn   | Place    | Note
-------+----------+-------------------------------------------
     0 | D:1      | Newt the Kobold Hunter began the quest for the Orb.
     0 | D:1      | Reached XP level 1. HP: 12/12 MP: 1/1
   114 | D:1      | Reached XP level 2. HP: 18/18 MP: 2/2
   502 | D:1      | Reached XP level 3. HP: 23/23 MP: 3/3
   849 | D:2      | Found a stormy altar of Qazlal.
  1504 | D:3      | Reached XP level 4. HP: 30/30 MP: 4/4
  1742 | D:3      | Found an ornate altar of the Wu Jian Council.
  2043 | D:4      | Noticed a scorpion
  2047 | D:4      | Killed a scorpion
  2048 | D:4      | Reached skill level 5 in Fighting
  2048 | D:4      | Reached skill level 6 in Ranged Weapons
  2048 | D:4      | Reached XP level 5. HP: 33/35 MP: 5/5
  2496 | D:4      | Reached skill level 7 in Ranged Weapons
  2496 | D:4      | Reached XP level 6. HP: 25/40 MP: 6/6
  2583 | D:4      | Noticed a black bear
  2589 | D:4      | Killed a black bear
  2590 | D:4      | Reached skill level 8 in Ranged Weapons
  2607 | D:4      | Found a staircase to the Ecumenical Temple.
  2614 | Temple   | Entered the Ecumenical Temple
  3107 | D:5      | Entered Level 5 of the Dungeon
  3133 | D:5      | Reached XP level 7. HP: 40/44 MP: 7/7
  3207 | D:5      | Noticed Prince Ribbit
  3219 | D:5      | Killed Prince Ribbit
  3220 | D:5      | Reached skill level 10 in Ranged Weapons
  3309 | D:5      | Noticed Eustachio
  3321 | D:5      | Killed Eustachio
  3322 | D:5      | Reached XP level 8. HP: 46/49 MP: 8/8
  3322 | D:5      | Noticed Blork the orc
  3337 | D:5      | Killed Blork the orc
  3338 | D:5      | Reached skill level 5 in Dodging
  3762 | D:5      | Reached skill level 11 in Ranged Weapons
  3835 | D:5      | Noticed Edmund
  3845 | D:5      | Killed Edmund
  4074 | D:5      | Found a runed translucent gate.
  4074 | D:5      | Found a runed translucent gate.
  4074 | D:5      | Found a runed translucent gate.
  4076 | D:5      | Noticed Juicyj's ghost (novice MiGl)
  4350 | D:5      | Found a runed translucent door.
  4353 | D:5      | Noticed Crazy Yiuf
  4512 | D:5      | Killed Juicyj's ghost
  4513 | D:5      | Reached skill level 13 in Ranged Weapons
  4513 | D:5      | Reached XP level 9. HP: 32/54 MP: 9/9
  4644 | D:5      | Killed Crazy Yiuf
  4890 | D:6      | Reached skill level 14 in Ranged Weapons
  4890 | D:6      | Reached skill level 1 in Evocations
  5300 | D:7      | Noticed Duvessa
  5302 | D:7      | Noticed Dowan
  5321 | D:6      | Reached skill level 5 in Evocations
  5529 | D:7      | Killed Duvessa
  5531 | D:7      | Killed Dowan
  5798 | D:7      | Noticed Menkaure
  5799 | D:7      | Killed Menkaure
  5800 | D:7      | Reached XP level 10. HP: 59/59 MP: 10/10
  5988 | D:7      | Reached skill level 15 in Ranged Weapons
  5999 | D:7      | Got Xuzuf's Volume of the Gaseous Traveller
  6620 | D:8      | Reached skill level 16 in Ranged Weapons
  6636 | D:8      | Noticed a rime drake
  6649 | D:8      | Killed a rime drake
  6805 | D:8      | Found a flagged portal.
  6812 | Bailey   | Entered a bailey
  7000 | Bailey   | Reached skill level 17 in Ranged Weapons
  7028 | Bailey   | Noticed an orc knight
  7028 | Bailey   | Noticed an orc knight
  7035 | Bailey   | Killed an orc knight
  7037 | Bailey   | Killed an orc knight
  7038 | Bailey   | Reached XP level 11. HP: 42/63 MP: 6/11
  7282 | Bailey   | Reached skill level 18 in Ranged Weapons
  7540 | D:8      | Slain by an enormous slime creature

Illustrated notes

Levels and vault maps discovered:
D:1:      lemuel_arrival_river_ford, layout_loops_cross
D:2:      layout_rooms, basic_altar
D:3:      layout_rooms, nicolae_wu_jian_wuxing_cycle, corexii_corridor_pit
D:4:      layout_loops_cross, minmay_temple_entry_nine_rooms,
          minmay_misc_feat_doors, hangedman_abyss_or_decor_stabs
D:5:      layout_cave_pods, ebering_ghost_rock_garden, minmay_misc_feat_room,
          dreamdust_wishing_well, hangedman_decor_clover_reticule,
          uniq_prince_ribbit1, uniq_blork_the_orc, uniq_edmund,
          uniq_crazy_yiuf_cottage, uniq_eustachio
D:6:      layout_basic
D:7:      layout_rooms, hangedman_decor_peaks_small, uniq_duvessa, uniq_menkaure
D:8:      layout_rooms, hellmonk_lair_entry_icy, enter_bailey_5
D:9:      layout_cross, vehumet_statue
Temple:   minmay_temple_curvy_loop

Skill      XL: |  1  2  3  4  5  6  7  8  9 10 11 |
---------------+----------------------------------+-----
Fighting       | 3 4 5 |  5.0
Ranged Weapons | 6 7 8 10 13 14 17 18 | 18.1
Dodging        | 4 6 |  6.0
Evocations     | 6 |  6.0
Stealth        | |  1.3

Action                     |  1- 3 |  4- 6 |  7- 9 | 10-12 || total
---------------------------+-------+-------+-------+-------++-------
   Fire: Shortbow          |    61 |    99 |   229 |   167 ||   556
         Arbalest          |       |       |       |    49 ||    49
    Use: Scroll            |     5 |     3 |     1 |    10 ||    19
         Potion            |       |       |     2 |     4 ||     6
 Armour: Leather armour    |     4 |    16 |    21 |    23 ||    64
  Dodge: Dodged            |     9 |    49 |    94 |   153 ||   305

Table legend: (Time is in decaauts)
 A = Elapsed time spent in this place.
 B = Non-inter-level travel time spent in this place.
 C = Inter-level travel time spent in this place.
 D = Time resting spent in this place.
 E = Time spent auto-exploring this place.
 F = Levels seen in this place.
 G = Mean time per level.
                   A        B        C        D        E       F      G
               +--------+--------+--------+--------+--------+-----+--------+
         Total |   7517 |   7365 |    152 |   1206 |   4965 |  11 |  683.4 |
       Dungeon |   6548 |   6413 |    135 |    960 |   4417 |   9 |  727.6 |
        Temple |    244 |    228 |     16 |      0 |    223 |   1 |  244.0 |
        Bailey |    725 |    725 |      0 |    246 |    325 |   1 |  725.0 |
               +--------+--------+--------+--------+--------+-----+--------+

Top non-repeatable levels by time:
     D:5: 1549 daAuts
     D:7: 981 daAuts
     D:4: 868 daAuts
     D:1: 834 daAuts
     D:6: 812 daAuts
  Bailey: 725 daAuts
     D:2: 651 daAuts
     D:3: 548 daAuts
  Temple: 244 daAuts
     D:8: 213 daAuts
     D:9: 89 daAuts
